 Dungeon Crawl Stone Soup version 0.21-a0-437-ge5bf024 (webtiles) character file.

550 Dysjunc the Cudgeler (level 7, -3/60 HPs)
             Began as a Gnoll Chaos Knight on Nov 9, 2017.
             Slain by a sixfirhy (12 damage)
             ... summoned by Xom
             ... on level 6 of the Dungeon.
             The game lasted 00:09:54 (3458 turns).

Dysjunc the Cudgeler (Gnoll Chaos Knight)           Turns: 3458, Time: 00:09:54

Health: -3/60      AC:  8    Str: 13 (17) XL:     7   Next: 29%
Magic:  10/10      EV: 12    Int: 14 (16) God:    Xom [......]
Gold:   498        SH:  4    Dex: 12 (14) Spells: 10/10 levels left

rFire    . . .     SeeInvis +   a - +0 mace (chaos)
rCold    + + .     Gourm    .   (no shield)
rNeg     + . .     Faith    .   q - +0 ring mail of Decompression {rC+ rN+ SInv}
rPois    .         Spirit   .   (no helmet)
rElec    .         Reflect  .   D - +1 cloak
rCorr    .         Harm     .   (no gloves)
MR       .....                  (no boots)
Stlth    ++........             (no amulet)
HPRegen  0.20/turn              y - ring of wizardry
MPRegen  0.12/turn              s - ring of protection from cold

@: no status effects
A: distributed training, fangs 1, talons 2, large bone plates 1, camouflage 1,
clever 1, deterioration 1, wild magic 1, strong nose
a: Renounce Religion


You were on level 6 of the Dungeon.
You worshipped Xom.
You were a very special plaything of Xom.
You were not hungry.

You visited 1 branch of the dungeon, and saw 5 of its levels.

You collected 574 gold pieces.
You spent 76 gold pieces at shops.

Inventory:

Hand Weapons
 a - a +0 mace of chaos (weapon)
 i - a +0 hunting sling
Missiles
 h - 41 stones (quivered)
 w - 35 arrows
 A - 22 poisoned needles
Armour
 b - a +2 leather armour
 j - a +0 plate armour
 l - a +0 chain mail
 q - the +0 ring mail of Decompression (worn) {rC+ rN+ SInv}
   (Xom gifted it to you on level 1 of the Dungeon)

   It protects you from cold.
   It protects you from negative energy.
   It lets you see invisible.
 D - a +1 cloak (worn)
Jewellery
 s - a ring of protection from cold (right hand)
 y - a ring of wizardry (left hand)
Scrolls
 e - a scroll of blinking
 g - a scroll of fog
 k - 5 scrolls of remove curse
 m - a scroll of recharging
 n - 2 scrolls of teleportation
 B - a scroll of magic mapping
Potions
 d - 4 potions of curing
 f - a potion of heal wounds
 o - 2 potions of resistance
 p - a potion of magic
 u - 2 potions of brilliance
 v - a potion of lignification
 x - a potion of flight
Comestibles
 c - 3 bread rations
 r - 4 chunks of flesh
 z - 4 fruits
 C - a royal jelly


   Skills:
 + Level 7.0 Fighting
 + Level 2.3 Short Blades
 + Level 2.3 Long Blades
 + Level 2.3 Axes
 + Level 7.0 Maces & Flails
 + Level 2.3 Polearms
 + Level 2.3 Staves
 + Level 2.3 Slings
 + Level 2.3 Bows
 + Level 2.3 Crossbows
 + Level 2.3 Throwing
 + Level 5.2 Armour
 + Level 3.5 Dodging
 + Level 2.3 Stealth
 + Level 2.3 Shields
 + Level 2.3 Unarmed Combat
 + Level 2.3 Spellcasting
 + Level 1.9 Conjurations
 + Level 1.9 Hexes
 + Level 1.9 Charms
 + Level 1.9 Summonings
 + Level 1.9 Necromancy
 + Level 1.9 Translocations
 + Level 1.9 Transmutations
 + Level 1.9 Fire Magic
 + Level 1.9 Ice Magic
 + Level 1.9 Air Magic
 + Level 1.9 Earth Magic
 + Level 1.9 Poison Magic
 + Level 2.6 Invocations
 + Level 2.3 Evocations


You had 10 spell levels left.
You didn't know any spells.

Dungeon Overview and Level Annotations

Branches:
Dungeon (4/15)             Temple (0/1) D:4

Altars:
Nemelex Xobeh
Xom

Shops:
D:4 *


Innate Abilities, Weirdness & Mutations

Your experience applies equally to all skills.
You have very sharp teeth.
Your uncanny sense of smell can sniff out nearby items.
You have razor-sharp toenails.
You are partially covered in large bone plates. (SH +4)
Your skin changes colour to match your surroundings (Stealth+).
Your mind is acute. (Int +2)
Your body sometimes deteriorates upon taking damage.
Your spells are a little harder to cast, but a little more powerful.


Message History

Xom is mildly amused. "Fight to survive, mortal."
Found a twisted copper wand.
The sixfirhy hits you!
Your body deteriorates!
You feel weakened. The sixfirhy shocks you! The sixfirhy barely misses you.
The sixfirhy hits you! The sixfirhy shocks you! The sixfirhy hits you.
* * * LOW HITPOINT WARNING * * *
The sixfirhy shocks you!
* * * LOW HITPOINT WARNING * * *
The sixfirhy misses you.
The crimson imp shouts, "Turn tail, thou yeasty weevil-witted dandiprat!"
As you read the scroll of fear, it crumbles to dust.
You assume a fearsome visage.
The iron imp is unaffected.
The sixfirhy is unaffected.
As you read the scroll of fog, it crumbles to dust.
The scroll dissolves into smoke.
The crimson imp blinks!
The sixfirhy hits you!
You die...

.. #.### #
......# ##.
.#.#.# ## ....
..^.# .
#...#.#.#.#
##.....§§#.#
.......§5..#
.......#§########
#...####§3@§§....
./. #########. #


You could see a sixfirhy.

Vanquished Creatures
  Sigmund (D:4)
  An ogre (D:4)
  A howler monkey (D:4)
  Crazy Yiuf (D:4)
  An iguana (D:4)
  Natasha (twice) (D:2)
  A worker ant (D:4)
  8 adders
  An ooze (shapeshifter) (D:4)
  2 worms
  A dart slug (D:1)
  A leopard gecko (D:2)
  2 orcs (D:3)
  5 giant cockroaches
  10 goblins
  2 hobgoblins (D:2)
  4 jackals (D:3)
  A quokka (D:2)
  2 ball pythons (D:2)
  4 bats
  4 frilled lizards
  5 kobolds
  A rat (shapeshifter) (D:1)
  8 rats
69 creatures vanquished.

Vanquished Creatures (others)
  An ooze (D:2)
  A bat (D:2)
2 creatures vanquished.

Grand Total: 71 creatures vanquished

Notes
Turn   | Place    | Note
-------+----------+-------------------------------------------
     0 | D:1      | Dysjunc the Gnoll Chaos Knight began the quest for the Orb.
     0 | D:1      | Reached XP level 1. HP: 23/23 MP: 1/1
   200 | D:1      | You fall through a shaft!
   216 | D:2      | XOM: potion effect (haste)
   222 | D:2      | Reached XP level 2. HP: 29/29 MP: 2/2
   255 | D:2      | Reached XP level 3. HP: 35/35 MP: 3/3
   577 | D:1      | XOM: harmless Erth miscast
   719 | D:1      | XOM: scenery: 1 doors close
   770 | D:1      | Reached skill level 1 in Invocations
   959 | D:1      | XOM: god gift: warped ring mail {god gift}
   960 | D:1      | Got a warped ring mail {god gift}
   971 | D:1      | Identified the +0 ring mail of Decompression {rC+ rN+ SInv} (Xom gifted it to you on level 1 of the Dungeon)
  1118 | D:2      | Reached skill level 1 in Short Blades
  1118 | D:2      | Reached skill level 1 in Long Blades
  1118 | D:2      | Reached skill level 1 in Axes
  1118 | D:2      | Reached skill level 1 in Polearms
  1118 | D:2      | Reached skill level 1 in Staves
  1118 | D:2      | Reached skill level 1 in Slings
  1118 | D:2      | Reached skill level 1 in Bows
  1118 | D:2      | Reached skill level 1 in Crossbows
  1118 | D:2      | Reached skill level 1 in Throwing
  1118 | D:2      | Reached skill level 1 in Stealth
  1118 | D:2      | Reached skill level 1 in Shields
  1118 | D:2      | Reached skill level 1 in Unarmed Combat
  1118 | D:2      | Reached skill level 1 in Spellcasting
  1118 | D:2      | Reached skill level 1 in Evocations
  1123 | D:2      | Reached XP level 4. HP: 38/41 MP: 5/5
  1175 | D:2      | Noticed Natasha
  1177 | D:2      | XOM: divine lightning
  1183 | D:2      | Killed Natasha
  1310 | D:2      | Reached skill level 1 in Conjurations
  1310 | D:2      | Reached skill level 1 in Hexes
  1310 | D:2      | Reached skill level 1 in Charms
  1310 | D:2      | Reached skill level 1 in Summonings
  1310 | D:2      | Reached skill level 1 in Necromancy
  1310 | D:2      | Reached skill level 1 in Translocations
  1310 | D:2      | Reached skill level 1 in Transmutations
  1310 | D:2      | Reached skill level 1 in Fire Magic
  1310 | D:2      | Reached skill level 1 in Ice Magic
  1310 | D:2      | Reached skill level 1 in Air Magic
  1310 | D:2      | Reached skill level 1 in Earth Magic
  1310 | D:2      | Reached skill level 1 in Poison Magic
  1320 | D:2      | Noticed Natasha
  1326 | D:2      | Killed Natasha
  1326 | D:2      | Reached XP level 5. HP: 46/47 MP: 6/6
  1346 | D:2      | XOM: scenery: create altars
  1707 | D:3      | XOM: give mutations
  1707 | D:3      | Gained mutation: You have sharp toenails. [Xom's mischief]
  1707 | D:3      | Gained mutation: You are weak. (Str -2) [Xom's mischief]
  1707 | D:3      | Gained mutation: Your body sometimes deteriorates upon taking damage. [Xom's mischief]
  2083 | D:3      | Found a sparkling altar of Nemelex Xobeh.
  2148 | D:3      | XOM: god gift: 330 gold pieces
  2286 | D:3      | XOM: divination: magic mapping
  2443 | D:4      | XOM: give mutations
  2443 | D:4      | Gained mutation: Your skin changes colour to match your surroundings (Stealth+). [Xom's grace]
  2443 | D:4      | Gained mutation: Your spells are a little harder to cast, but a little more powerful. [Xom's grace]
  2452 | D:4      | Found a staircase to the Ecumenical Temple.
  2452 | D:4      | XOM: 5-stop teleportation journey
  2533 | D:4      | Noticed an ogre
  2540 | D:4      | Killed an ogre
  2540 | D:4      | Reached XP level 6. HP: 34/53 MP: 8/8
  2925 | D:4      | XOM: give mutations
  2925 | D:4      | Lost mutation: You are weak. (Str -2) [Xom's grace]
  2925 | D:4      | Gained mutation: You have razor-sharp toenails. [Xom's grace]
  2925 | D:4      | Gained mutation: Your mind is acute. (Int +2) [Xom's grace]
  2925 | D:4      | Gained mutation: You are partially covered in large bone plates. (SH +4) [Xom's grace]
  3122 | D:4      | Noticed Sigmund
  3199 | D:4      | Found a runed door.
  3203 | D:4      | Noticed Crazy Yiuf
  3205 | D:4      | Killed Crazy Yiuf
  3205 | D:4      | Reached skill level 5 in Armour
  3232 | D:4      | XOM: polymorph worker ant -> ooze
  3248 | D:4      | XOM: 1-stop teleportation journey
  3266 | D:4      | XOM: enchant monster (good)
  3272 | D:4      | Killed Sigmund
  3272 | D:4      | Reached XP level 7. HP: 57/59 MP: 10/10
  3379 | D:4      | Found Xod Valibrit's Assorted Antiques.
  3382 | D:4      | Bought a scroll of identify for 40 gold pieces
  3383 | D:4      | Bought 2 glowing puce potions for 36 gold pieces
  3426 | D:4      | XOM: mild Tmut miscast
  3451 | D:4      | You fall through a shaft for 2 floors!
  3453 | D:6      | XOM: summons 3 hostile demons
  3454 | D:6      | Noticed a sixfirhy
  3458 | D:6      | Slain by a sixfirhy

Vault maps used:
D:1:      lemuel_arrival_broad_hall, minmay_pentomino_p4
D:2:      uniq_natasha
D:3:      first_bread, nemelex_diamond_rough_becter
D:4:      minmay_temple_entry_large_hall, serial_shops, kennysheep_mini,
          kennysheep_generic_room_9, uniq_crazy_yiuf_cottage, uniq_sigmund

Skill      XL: |  1  2  3  4  5  6  7 |
---------------+----------------------+-----
Invocations    | 1 2 |  2.6
Short Blades   | 1 2 |  2.3
Long Blades    | 1 2 |  2.3
Axes           | 1 2 |  2.3
Polearms       | 1 2 |  2.3
Staves         | 1 2 |  2.3
Slings         | 1 2 |  2.3
Bows           | 1 2 |  2.3
Crossbows      | 1 2 |  2.3
Throwing       | 1 2 |  2.3
Stealth        | 1 2 |  2.3
Shields        | 1 2 |  2.3
Unarmed Combat | 1 2 |  2.3
Spellcasting   | 1 2 |  2.3
Evocations     | 1 2 |  2.3
Conjurations   | 1 |  1.9
Hexes          | 1 |  1.9
Charms         | 1 |  1.9
Summonings     | 1 |  1.9
Necromancy     | 1 |  1.9
Translocations | 1 |  1.9
Transmutations | 1 |  1.9
Fire Magic     | 1 |  1.9
Ice Magic      | 1 |  1.9
Air Magic      | 1 |  1.9
Earth Magic    | 1 |  1.9
Poison Magic   | 1 |  1.9
Dodging        | 3 |  3.5
Armour         | 5 |  5.2
Fighting       | 7 |  7.0
Maces & Flails | 7 |  7.0

Action                   |  1- 3 |  4- 6 |  7- 9 || total
-------------------------+-------+-------+-------++-------
Melee: Mace              |    85 |   105 |    10 ||   200
       Bite              |     5 |     9 |       ||    14
       Punch             |       |     2 |     1 ||     3
       Kick              |       |    19 |     3 ||    22
  Use: Scroll            |       |    10 |     3 ||    13
       Potion            |       |     4 |     2 ||     6
 Stab: Sleeping          |     2 |     3 |       ||     5
       Petrified         |       |     2 |       ||     2
  Eat: Chunk             |     1 |     6 |     1 ||     8
Armor: Leather armour    |    35 |       |       ||    35
       Ring mail         |     8 |    23 |     4 ||    35
Dodge: Dodged            |    62 |    56 |     5 ||   123
Block: Other             |       |     2 |     1 ||     3

Table legend:
 A = Spawn XP
 B = Non-spawn XP
 C = Spawn XP percentage of total XP
 D = Spawn monster count
 E = Non-spawn monster count
 F = Spawn count percentage of total count
 G = Total turns spent on level
                    A         B        C        D         E        F      G
               +---------+---------+-------+---------+---------+-------+---------
         Total |       0 |     786 |   0.0 |       0 |      69 |   0.0 |  3458
               +---------+---------+-------+---------+---------+-------+---------
           D:1 |       0 |      31 |   0.0 |       0 |      19 |   0.0 |   914
           D:2 |       0 |     166 |   0.0 |       0 |      23 |   0.0 |   764
           D:3 |       0 |      30 |   0.0 |       0 |      15 |   0.0 |   759
           D:4 |       0 |     559 |   0.0 |       0 |      12 |   0.0 |  1014
               +---------+---------+-------+---------+---------+-------+---------
